AoeStats
← VNS__Pan

African Clearing

510284036Analyzed
4v4 RM · 2d ago on Sep 30, 2026· 16m 14s· 8 players
Game mode
Random Map
Map size
Large (8 player)
Population
200
Speed
Normal
Resources
Standard
Victory
Conquest
Starting age
Dark Age
Ending age
Imperial Age
RankedLock teamsTeams togetherTeam positionsShared explorationLock speedFull tech treeHidden civsTurbo modeCheats
Victory
Defeat
🇨🇳 Persians · China
1462
+14
🇧🇷 Vietnamese · Brazil
1453
+14
🇭🇰 Japanese · Hong Kong SAR China
1417
+15
🇻🇳 Magyars · Vietnam
1417
+15
🇧🇷 Teutons · Brazil
1445
-16
🇦🇺 Saxons · Australia
1427
-15
🇩🇪 Huns · Germany
1387
-14
🇦🇺 Romans · Australia
1379
-13
jardan1234
8:09 Loom
8:39 Loom
11:45 Feudal Age
11:49 Man-at-Arms
GuiGuiPT
8:54 Loom
12:13 Feudal Age
12:47 Double-Bit Axe
14:13 Gold Mining
14:08 Horse Collar
15:20 Fletching
VNS__Pan
12:49 Feudal Age
12:15 Loom
13:34 Double-Bit Axe
Boar
8:42 Loom
14:08 Feudal Age
14:40 Double-Bit Axe
Thronx
11:46 Loom
13:31 Feudal Age
17:47 Castle Age
16:23 Scale Barding Armor
RATNEEL
4:00 Loom
15:10 Feudal Age
Rashneel Singh
3:19 Loom
15:20 Feudal Age
Newlife
9:41 Loom
13:39 Feudal Age
18:16 Castle Age
Connection lost

Rejoining the realm…

Still unreachable

The connection could not be restored.

Session expired

The server has moved on; the page needs a fresh start.